 Dungeon Crawl Stone Soup version bcrawl-1.37.1 (webtiles) character file.

Game seed: 4784708310436973372

132602 Mehrunes the Grave Robber (level 4, 0/24 HPs)
             Began as a Skeleton Necromancer on Oct 21, 2022.
             Was an Initiate of Vehumet.
             Slain by a scorpion (2 damage)
             ... on level 2 of the Dungeon.
             The game lasted 00:03:14 (1666 turns).

Mehrunes the Grave Robber (Skeleton Necromancer)    Turns: 1666, Time: 00:03:15

Health: 0/24       AC:  9    Str: 12 (15) XL:     4   Next: 14%
Magic:  0/8        EV:  7    Int: 13 (14) God:    Vehumet [......]
Gold:   117        SH:  0    Dex:  9      Spells: 5/9 levels left

rFire    . . .     GDR:     24% d - +2 whip (elec)
rCold    + . .     SeeInvis .   (no shield)
rNeg     + + +     Gourm    .   h - +0 chain mail
rPois    ∞         Faith    .   (no helmet)
rElec    .         Spirit   +   (no cloak)
rCorr    .         Reflect  .   (no gloves)
MR       .....                  (no boots)
Stlth    ..........             (no amulet)
HPRegen  0.14/turn              (no ring)
MPRegen  0.11/turn              (no ring)

@: very slightly contaminated
A: no food or potions, cold resistance 1, deterioration 1, negative energy
resistance 3, torment resistance, unbreathing, magic shield, sturdy frame 1,
spell healing
a: Renounce Religion


You were on level 2 of the Dungeon.
You worshipped Vehumet.
Vehumet was noncommittal.
You were not hungry.

You visited 1 branch of the dungeon, and saw 2 of its levels.

You collected 117 gold pieces.

Inventory:

Hand Weapons
 a - a +0 dagger of pain
 c - a +0 hunting sling of velocity
 d - a +2 whip of electrocution (weapon)
Armour
 b - a +0 robe
 h - a +0 chain mail (worn)
Jewellery
 e - a cursed ring of protection from magic {unknown}
Scrolls
 f - a scroll of enchant weapon {unknown}
 g - a scroll of noise {unknown}
 i - 2 scrolls of identify


   Skills:
 + Level 2.8 Armour
 - Level 2.0 Dodging
 - Level 2.4 Stealth
 - Level 3.0 Spellcasting
 + Level 5.4 Necromancy


You had 5 spell levels left.
You knew the following spells:

 Your Spells              Type           Power        Failure   Level  Hunger
a - Necrotize             Necr           ###...       36%         1    N/A
b - Vampiric Draining     Necr           ###.......   75%         3    N/A

Your spell library contained the following spells:

 Spells                   Type           Power        Failure   Level  Hunger
 Agony                    Necr           ###.....     98%         4    N/A
 Animate Dead             Necr           N/A          98%         4    N/A
 Dispel Undead            Necr           ###.....     100%        5    N/A

Dungeon Overview and Level Annotations

Branches:
Dungeon (2/12)

Altars:
Vehumet


Innate Abilities, Weirdness & Mutations

You do not eat or drink.
You are immune to poison.
Your flesh is cold resistant. (rC+)
Your body sometimes deteriorates upon taking damage.
You are immune to negative energy. (rN+++)
You are immune to unholy pain and torment.
You can survive without breathing.
When hurt, damage is shared between your health and your magic reserves.
Your movements are slightly less encumbered by armour. (ER -2)
Casting spells heals you.


Message History

You barely miss the scorpion. The scorpion stings you.
You hit the scorpion.
The scorpion is moderately wounded.
The scorpion stings you but does no damage.
The scorpion barely misses you.
You hit the scorpion but do no damage.
The scorpion is moderately wounded.
The scorpion stings you but does no damage.
You hit the scorpion but do no damage.
The scorpion is moderately wounded.
The scorpion stings you.
* * * LOW HITPOINT WARNING * * *
You barely miss the scorpion.
The scorpion is moderately wounded.
The scorpion stings you.
* * * LOW HITPOINT WARNING * * *
You hit the scorpion.
The scorpion is moderately wounded.
The scorpion stings you.
You die...

......................
#######...........[#.#
#........#########.#.#
#........# #.#.# #........#
#.#.# #######.## #.#.# #.#
#.#.# #.###########.########
#.#.#
.........rs@.......Z.###.#..
.........####.######Z.##.###
.........# #.##...##.##....
)........# #.##...##..#####
.........# #...............
.........# ####...###Z.####
.........# #...# ##.##
.........# ##### #..# ##.##


You could see a scorpion and a rat.

Vanquished Creatures
  An adder (D:2)
  A worm (D:1)
  3 dart slugs (D:1)
  6 leopard geckos
  2 ball pythons
  3 bats (D:1)
  8 giant cockroaches
  3 goblins
  8 hobgoblins
  6 kobolds
  2 frilled lizards
  6 rats
49 creatures vanquished.

Vanquished Creatures (collateral kills)
  A frilled lizard (D:1)
1 creature vanquished.

Grand Total: 50 creatures vanquished

Notes
Turn   | Place    | Note
-------+----------+-------------------------------------------
     0 | D:1      | Mehrunes the Skeleton Necromancer began the quest for the
                  | Orb.
     0 | D:1      | Reached XP level 1. HP: 10/10 MP: 4/4
   203 | D:1      | Reached skill level 1 in Armour
   253 | D:1      | Reached XP level 2. HP: 15/15 MP: 6/6
   661 | D:1      | Reached skill level 5 in Necromancy
   661 | D:1      | Reached XP level 3. HP: 18/19 MP: 5/7
  1071 | D:1      | Learned a level 3 spell: Vampiric Draining
  1436 | D:2      | Found a radiant altar of Vehumet.
  1451 | D:2      | Became a worshipper of Vehumet
  1540 | D:2      | Reached XP level 4. HP: 24/24 MP: 5/8
  1666 | D:2      | Slain by a scorpion

Skill      XL: |  1  2 |
---------------+-------+-----
Armour         | 1 2 |  2.8
Necromancy     | 5 |  5.4
Dodging        | |  2.0
Stealth        | |  2.4
Spellcasting   | |  3.0

Action                   |  1- 3 |  4- 6 || total
-------------------------+-------+-------++-------
Melee: Whip              |   105 |    18 ||   123
 Cast: Necrotize         |    17 |     9 ||    26
 Stab: Sleeping          |     5 |       ||     5
Armor: Robe              |    21 |       ||    21
       Chain mail        |     3 |    14 ||    17
Dodge: Dodged            |    64 |     8 ||    72
